 Dungeon Crawl Stone Soup version 0.19.0-18-g426998a (webtiles) character file.

2220 nikopol the Geomancer (level 9, 0/45 HPs)
             Began as a Gargoyle Earth Elementalist on Nov 11, 2016.
             Slain by junkhipster's ghost (11 damage)
             ... on level 6 of the Dungeon.
             The game lasted 00:36:53 (7768 turns).

nikopol the Geomancer (Gargoyle Earth Elementalist) Turns: 7768, Time: 00:36:54

Health: 0/45       AC:  8    Str: 13    XL:     9   Next: 35%
Magic:  0/20       EV: 17    Int: 18    God:
Gold:   379        SH:  4    Dex: 10    Spells: 3 memorised, 14 levels left

rFire  . . .     SeeInvis .     H - +6 mace "Sauhualu" {flame, rC+ MR+}
rCold  + . .     Gourm    .     c - +0 robe
rNeg   + . .     Faith    .     M - +0 buckler
rPois  ∞         Spirit   .     A - +0 helmet
rElec  +         Reflect  .     (no cloak)
rCorr  .         Harm     .     (no gloves)
MR     +....     Rnd*Tele +     (no boots)
Stlth  ++........               (no amulet)
                                i - ring of teleportation (curse)
                                a - +5 ring of evasion

@: no status effects
A: negative energy resistance 1, electricity resistance, unbreathing,
petrification resistance, rot immunity, AC +5
a: no special abilities


You were on level 6 of the Dungeon.
You were hungry.

You visited 1 branch of the dungeon, and saw 6 of its levels.

You collected 379 gold pieces.

Inventory:

Hand Weapons
 f - a +2 dagger of speed
 H - the +6 mace "Sauhualu" (weapon) {flame, rC+ MR+}
   (You found it on level 4 of the Dungeon)

   It has been specially enchanted to burn those struck by it, causing extra
   injury to most foes and up to half again as much damage against particularly
   susceptible opponents.
   It protects you from cold.
   It affects your resistance to hostile enchantments.
 K - a +0 club
 N - a +1 flail of holy wrath
Missiles
 b - 163 stones (quivered)
Armour
 c - a +0 robe (worn)
 A - a +0 helmet (worn)
 M - a +0 buckler (worn)
Jewellery
 a - a +5 ring of evasion (left hand)
 i - a cursed ring of teleportation (right hand)
 j - an uncursed ring of protection from magic {unknown}
 n - an uncursed ring of ice {unknown}
 w - an uncursed ring of positive energy {unknown}
 x - an uncursed ring of positive energy {unknown}
Wands
 F - a wand of iceblast (7/15)
Scrolls
 q - 6 scrolls of identify {unknown}
 v - 3 scrolls of recharging {unknown}
 y - 2 scrolls of random uselessness {unknown}
 B - a scroll of fear {unknown}
 C - 4 scrolls of remove curse {unknown}
 D - a scroll of blinking {unknown}
 E - 2 scrolls of enchant weapon {unknown}
 G - 4 scrolls of teleportation {unknown}
Potions
 g - a potion of agility {unknown}
 h - 2 potions of berserk rage {unknown}
 k - 2 potions of flight {unknown}
 m - 2 potions of cancellation {unknown}
 o - a potion of heal wounds {unknown}
 p - a potion of haste {unknown}
 r - 3 potions of brilliance {unknown}
 t - a potion of might {unknown}
 u - 4 potions of degeneration {unknown}
 z - 2 potions of curing
 J - a potion of lignification {unknown}
Books
 e - a book of Geomancy

   Spells                             Type                      Level
   a - Sandblast                      Earth                        1
   b - Passwall                       Transmutation/Earth          2
   c - Stone Arrow                    Conjuration/Earth            3
   d - Petrify                        Transmutation/Earth          4
   e - Lee's Rapid Deconstruction     Earth                        5
 L - a book of Frost

   Spells                             Type                      Level
   a - Freeze                         Ice                          1
   b - Throw Frost                    Conjuration/Ice              2
   c - Ozocubu's Armour               Charms/Ice                   3
   d - Throw Icicle                   Conjuration/Ice              4
   e - Summon Ice Beast               Ice/Summoning                4
Comestibles
 d - 4 bread rations
 l - 2 meat rations
 s - a beef jerky
 I - a slice of pizza
 O - 5 chunks of flesh


   Skills:
 + Level 2.6 Maces & Flails
 + Level 2.5 Armour
 + Level 3.0 Dodging
 - Level 2.1 Stealth
 + Level 2.4 Shields
 * Level 7.7 Spellcasting
 - Level 2.2 Conjurations
   Level 0.7 Transmutations
 + Level 8.0 Earth Magic
 + Level 2.2 Evocations


You had 14 spell levels left.
You knew the following spells:

 Your Spells              Type           Power        Failure   Level  Hunger
a - Sandblast             Erth           #####.       1%          1    None
b - Stone Arrow           Conj/Erth      ####..       4%          3    #......
c - Lee's Rapid Deconstr  Erth           #####.....   17%         5    #####..


Dungeon Overview and Level Annotations

Branches:
Dungeon (6/15)             Temple (0/1) D:6

Altars:

Shops:
D:4 (

Annotations:
D:2 Terence
D:6 junkhipster's ghost, novice MiFi


Innate Abilities, Weirdness & Mutations

You are resistant to torment.
Your stone body is resilient. (AC +5)
You are immune to poison.
You resist negative energy. (rN+)
You are resistant to electric shocks. (rElec)
You can survive without breathing.
You are immune to petrification.
You are immune to rotting.


Message History

Aiming: Stone Arrow
Press: ? - help, Shift-Dir - straight line, f/p - junkhipster's ghost
Aim: junkhipster's ghost (severely damaged)
The stone arrow hits junkhipster's ghost.
Junkhipster's ghost is severely damaged.
Junkhipster's ghost closely misses you.
Casting: Stone Arrow
Confirm with . or Enter, or press ? or * to list all spells.
Aiming: Sandblast
Press: ? - help, Shift-Dir - straight line, f/p - junkhipster's ghost
Aim: junkhipster's ghost (severely damaged)
The blast of sand misses junkhipster's ghost.
Junkhipster's ghost hits you!
* * * LOW HITPOINT WARNING * * *
Junkhipster's ghost keens inconsolably.
You hit junkhipster's ghost but do no damage.
Junkhipster's ghost is severely damaged.
Junkhipster's ghost screams, "What do you have that I didn't have?"
Junkhipster's ghost hits you!
You die...

#...#
####...#####
#..'.).'(.(#
#.##...##.##
#.##...##.####
#.##...##....#
#.##########'#
#.# .. #@# .#
#W# '. #J# #
#...'.$..
#####(... ..


You could see a jelly and junkhipster's ghost.

Vanquished Creatures
  Grinder (D:3)
  Sigmund (D:3)
  Menkaure (D:6)
  Duvessa (D:6)
  A sky beast (D:6)
  An ice beast (D:5)
  4 ogres
  3 centaurs (D:6)
  A bullfrog (D:6)
  A scorpion (D:4)
  Dowan (D:6)
  A crimson imp (D:5)
  A gnoll shaman (D:5)
  A bullfrog skeleton (D:5)
  2 hounds
  2 iguanas
  2 orc priests
  3 orc wizards
  Jessica (D:2)
  2 worker ants
  A killer bee zombie (D:6)
  A hound skeleton (D:3)
  A howler monkey zombie (D:4)
  Robin (D:2)
  2 worker ant zombies
  5 gnolls (D:5)
  5 adders
  An ooze (D:5)
  2 adder zombies (D:5)
  4 worms
  A dart slug (D:2)
  4 leopard geckos
  16 orcs
  5 bats
  8 giant cockroaches
  15 goblins
  11 hobgoblins
  16 jackals
  9 kobolds
  4 quokkas
  9 frilled lizards
  3 jackal skeletons
  A leopard gecko skeleton (D:4)
  A quokka zombie (D:6)
  10 rats
167 creatures vanquished.

Notes
Turn   | Place    | Note
-------+----------+-------------------------------------------
     0 | D:1      | nikopol the Gargoyle Earth Elementalist began the quest for the Orb.
     0 | D:1      | Reached XP level 1. HP: 10/10 MP: 3/3
   474 | D:1      | Reached XP level 2. HP: 15/15 MP: 2/5
   942 | D:1      | Reached XP level 3. HP: 19/19 MP: 4/7
   948 | D:1      | Learned a level 3 spell: Stone Arrow
  1044 | D:1      | Reached skill level 4 in Earth Magic
  1590 | D:2      | Noticed Jessica
  1700 | D:2      | Killed Jessica
  1700 | D:2      | Reached XP level 4. HP: 23/24 MP: 0/9
  2300 | D:2      | Reached XP level 5. HP: 28/28 MP: 7/10
  2325 | D:2      | Noticed Robin
  2348 | D:2      | Reached skill level 5 in Earth Magic
  2383 | D:2      | Killed Robin
  2496 | D:2      | Learned a level 5 spell: Lee's Rapid Deconstruction
  2603 | D:3      | Noticed Sigmund
  2637 | D:3      | Noticed Grinder
  2723 | D:3      | Paralysed by Grinder for 5 turns
  2732 | D:3      | Paralysed by Grinder for 2 turns
  2741 | D:3      | Noticed Terence
  3303 | D:3      | Killed Grinder
  3303 | D:3      | Reached skill level 5 in Spellcasting
  3303 | D:3      | Reached XP level 6. HP: 24/32 MP: 2/13
  3819 | D:3      | Killed Sigmund
  3819 | D:3      | Reached skill level 6 in Earth Magic
  3819 | D:3      | Reached XP level 7. HP: 33/36 MP: 4/15
  4673 | D:4      | Found Zaobes's Weapon Boutique.
  5124 | D:4      | Reached skill level 1 in Conjurations
  5124 | D:4      | Reached skill level 7 in Earth Magic
  5501 | D:4      | Got a crude mace
  5502 | D:4      | Identified the +6 mace "Sauhualu" {flame, rC+ MR+} (You found it on level 4 of the Dungeon)
  5790 | D:5      | Entered Level 5 of the Dungeon
  5833 | D:5      | Reached XP level 8. HP: 18/41 MP: 5/17
  6373 | D:5      | Reached skill level 1 in Maces & Flails
  6741 | D:5      | Reached skill level 1 in Armour
  6786 | D:5      | Reached skill level 1 in Shields
  7094 | D:6      | Found a staircase to the Ecumenical Temple.
  7201 | D:6      | Reached skill level 1 in Evocations
  7204 | D:6      | Reached XP level 9. HP: 26/45 MP: 3/20
  7417 | D:6      | Noticed Menkaure
  7422 | D:6      | Killed Menkaure
  7536 | D:6      | Noticed Dowan
  7537 | D:6      | Noticed Duvessa
  7543 | D:6      | Killed Dowan
  7552 | D:6      | Killed Duvessa
  7694 | D:6      | Reached skill level 8 in Earth Magic
  7758 | D:6      | Noticed junkhipster's ghost (novice MiFi)
  7768 | D:6      | Slain by junkhipster's ghost

Skill      XL: |  1  2  3  4  5  6  7  8  9 |
---------------+----------------------------+-----
Spellcasting   | 3 5 6 7 |  7.7
Earth Magic    | 4 5 6 7 8 |  8.0
Conjurations   | 1 2 |  2.2
Maces & Flails | 2 |  2.6
Dodging        | 2 3 |  3.0
Armour         | 2 |  2.5
Shields        | 1 2 |  2.4
Evocations     | 1 2 |  2.2
Stealth        | |  2.1
Transmutations | |  0.7

Action                   |  1- 3 |  4- 6 |  7- 9 || total
-------------------------+-------+-------+-------++-------
Melee: Dagger            |    27 |    23 |    19 ||    69
       Mace              |       |       |    46 ||    46
 Cast: Sandblast         |    77 |   100 |   123 ||   300
       Stone Arrow       |       |     9 |    38 ||    47
       Lee's Rapid Decon |       |       |    15 ||    15
  Use: Potion            |       |     1 |       ||     1
  Eat: Chunk             |     3 |     6 |    18 ||    27
Armor: Robe              |    18 |    17 |    25 ||    60
Dodge: Dodged            |    61 |    60 |   118 ||   239
Block: Buckler           |       |       |     5 ||     5
